 Dungeon Crawl Stone Soup version 0.22-a0-303-g4a852b3 (webtiles) character file.

3327 GizzardofKazz the Fencer (level 9, -1/70 HPs)
             Began as a Minotaur Berserker on Mar 27, 2018.
             Was an Elder of Trog.
             Slain by a two-headed ogre
             ... wielding a +0 giant club
              (24 damage)
             ... on level 8 of the Dungeon.
             The game lasted 00:19:19 (7687 turns).

GizzardofKazz the Fencer (Minotaur Berserker)       Turns: 7687, Time: 00:19:19

Health: -1/70      AC: 11    Str: 21    XL:     9   Next: 71%
Magic:  8/8        EV:  8    Int:  4    God:    Trog [****..]
Gold:   392        SH:  0    Dex: 14    Spells: 8/8 levels left

rFire    . . .     SeeInvis .   j - +0 long sword
rCold    . . .     Gourm    .   (no shield)
rNeg     . . .     Faith    .   r - +0 chain mail
rPois    .         Spirit   .   s - +0 hat
rElec    .         Reflect  .   f - +0 cloak
rCorr    .         Harm     .   (no gloves)
MR       .....                  v - +0 pair of boots (curse)
Stlth    ..........             (no amulet)
HPRegen  0.21/turn              (no ring)
MPRegen  0.11/turn              (no ring)

@: no status effects
A: retaliatory headbutt, horns 2
a: Berserk, Trog's Hand, Brothers in Arms, Renounce Religion


You were on level 8 of the Dungeon.
You worshipped Trog.
Trog was greatly pleased with you.
You were not hungry.

You visited 1 branch of the dungeon, and saw 8 of its levels.

You collected 392 gold pieces.

Inventory:

Hand Weapons
 j - a +0 long sword (weapon)
 x - a +2 great sword
Armour
 f - a +0 cloak (worn)
 r - a +0 chain mail (worn)
 s - a +0 hat (worn)
 v - a cursed +0 pair of boots (worn)
Wands
 m - a wand of random effects (34)
Scrolls
 a - a scroll of blinking {unknown}
 e - 7 scrolls of teleportation
 i - 2 scrolls of enchant armour
 n - a scroll of enchant weapon {unknown}
 o - 2 scrolls of remove curse
 w - a scroll of magic mapping
Potions
 b - 3 potions of haste
 d - 2 potions of degeneration {unknown}
 g - 6 potions of heal wounds
 h - a potion of flight {unknown}
 k - 2 potions of brilliance {unknown}
 l - a potion of magic {unknown}
 p - a potion of lignification {unknown}
 q - a potion of might {unknown}
 u - a potion of mutation {unknown}
Comestibles
 c - 15 rations
 t - 4 chunks of flesh


   Skills:
 - Level 3.6 Fighting
 + Level 15.7 Long Blades
 - Level 2.4 Armour
 - Level 2.1 Dodging


You had 8 spell levels left.
You didn't know any spells.

Dungeon Overview and Level Annotations

Branches:
Dungeon (8/15)             Temple (0/1) D:5
   Lair: D:8-11

Altars:
Ashenzari
Cheibriados
Nemelex Xobeh
Sif Muna
Xom
The Shining One


Innate Abilities, Weirdness & Mutations

You reflexively headbutt those who attack you in melee.
You have a pair of horns on your head.


Message History

The two-headed ogre closely misses you.
You hit the two-headed ogre.
The two-headed ogre is lightly wounded.
The two-headed ogre hits you with a giant club!
The two-headed ogre barely misses you.
You hit the two-headed ogre.
The two-headed ogre is lightly wounded.
You hit the two-headed ogre but do no damage.
You headbutt the two-headed ogre!
The two-headed ogre is heavily wounded.
The two-headed ogre hits you with a giant club.
The two-headed ogre hits you but does no damage.
You hit the two-headed ogre.
Your headbutt misses the two-headed ogre.
The two-headed ogre is heavily wounded.
Your chain mail prevents you from hitting the two-headed ogre.
The two-headed ogre is heavily wounded.
The two-headed ogre hits you with a giant club!!
The two-headed ogre hits you with a giant spiked club!!
You die...

##.## ###.....#######.####
#.# #............##.# #.#
#.########.#.##.# #^#
##.#........#.##.# #.#
#:.#.########.##.#
####.#####..#........#..#.#
#...........########.#..#.#
#.##.#.####.#........#....#
#.##.#.####.#@########.####
#.##........#.O......#.#
#<####.###..########.#.#
#.####.# #.... ..# #......#
## # .## ######## [#


You could see a two-headed ogre.

Vanquished Creatures
  Pikel (D:4)
  The ghost of octopodefightclub the Cudgeler, a novice DsGl of Yredelemnul (D:5)
  A hornet (D:7)
  Grinder (D:3)
  Duvessa (D:5)
  2 sky beasts (D:5)
  3 slaves (D:4)
  A black bear (D:6)
  An ice beast (D:6)
  An orc warrior (D:7)
  3 centaurs
  A bullfrog (D:6)
  A gnoll sergeant (D:7)
  Dowan (D:5)
  4 wights (D:5)
  5 howler monkeys (D:7)
  3 crimson imps
  A centaur zombie (D:7)
  A bullfrog skeleton (D:4)
  3 orc priests
  A hound (D:5)
  3 jellies
  4 orc wizards
  2 iguanas
  Ijyb (D:2)
  2 worker ants (D:4)
  2 hound skeletons
  An adder (D:2)
  7 gnolls
  2 shadow imps
  7 worms
  2 dart slugs
  4 leopard geckos
  28 orcs
  6 giant cockroaches
  9 goblins
  9 hobgoblins
  7 jackals
  7 kobolds
  2 quokkas
  A ball python (D:3)
  4 bats
  4 frilled lizards
  A jackal skeleton (D:8)
  3 leopard gecko skeletons
  5 rats
160 creatures vanquished.

Notes
Turn   | Place    | Note
-------+----------+-------------------------------------------
     0 | D:1      | GizzardofKazz the Minotaur Berserker began the quest for the Orb.
     0 | D:1      | Reached XP level 1. HP: 19/19 MP: 0/0
    37 | D:1      | Reached skill level 4 in Long Blades
   369 | D:1      | Reached XP level 2. HP: 26/26 MP: 1/1
  1124 | D:2      | Noticed Ijyb
  1132 | D:2      | Reached skill level 5 in Long Blades
  1139 | D:2      | Killed Ijyb
  1139 | D:2      | Reached XP level 3. HP: 31/31 MP: 2/2
  1234 | D:2      | Reached ** piety under Trog
  1443 | D:2      | Reached skill level 6 in Long Blades
  1443 | D:2      | Reached XP level 4. HP: 39/39 MP: 3/3
  1901 | D:3      | Noticed Grinder
  1904 | D:3      | Killed Grinder
  1904 | D:3      | Reached skill level 8 in Long Blades
  1904 | D:3      | Reached XP level 5. HP: 45/45 MP: 4/4
  1904 | D:3      | Reached XP level 6. HP: 51/51 MP: 5/5
  2473 | D:3      | Reached *** piety under Trog
  2770 | D:4      | Reached skill level 9 in Long Blades
  3133 | D:4      | Noticed a slave
  3134 | D:4      | Reached XP level 7. HP: 43/57 MP: 6/6
  3144 | D:4      | Noticed Pikel
  3194 | D:4      | Killed Pikel
  3194 | D:4      | Reached skill level 11 in Long Blades
  3655 | D:4      | Reached XP level 8. HP: 64/64 MP: 7/7
  3900 | D:5      | Entered Level 5 of the Dungeon
  3906 | D:5      | Found a sparkling altar of Nemelex Xobeh.
  4225 | D:5      | Noticed octopodefightclub's ghost (novice DsGl)
  4233 | D:5      | Killed octopodefightclub's ghost
  4233 | D:5      | Reached skill level 12 in Long Blades
  4448 | D:5      | Found a snail-covered altar of Cheibriados.
  4449 | D:5      | Found a shimmering altar of Xom.
  4486 | D:5      | Found a staircase to the Ecumenical Temple.
  4495 | D:5      | Reached skill level 13 in Long Blades
  4833 | D:5      | Noticed Dowan
  4836 | D:5      | Noticed Duvessa
  4847 | D:5      | Killed Duvessa
  4849 | D:5      | Killed Dowan
  4913 | D:5      | Reached XP level 9. HP: 51/70 MP: 8/8
  5130 | D:5      | Reached skill level 14 in Long Blades
  5131 | D:5      | Found a shimmering altar of Xom.
  5638 | D:6      | Reached **** piety under Trog
  6191 | D:7      | Found a glowing golden altar of the Shining One.
  6422 | D:7      | Reached skill level 15 in Long Blades
  6534 | D:7      | Paralysed by a hornet for 2 turns
  6713 | D:7      | Found a deep blue altar of Sif Muna.
  7387 | D:7      | Found a shattered altar of Ashenzari.
  7682 | D:8      | Noticed a two-headed ogre
  7687 | D:8      | Slain by a two-headed ogre

Vault maps used:
D:1:      saegor_arrival_simple_d
D:2:      kennysheep_the_goblin_king
D:3:      uniq_grinder
D:4:      first_ration, uniq_pikel
D:5:      nemelex_xobeh_ov_fountains_minmay, gammafunk_temple_overflow_statue,
          minmay_temple_entry_glass, grunt_ministairs_9, tgw_xom, uniq_duvessa
D:7:      lemuel_round_altar, old_standard_altar, marbit_many_paths
D:8:      nicolae_gozag_cash_rules_everything_around_me, blue_anna_alchemist,
          minivault_27

Skill      XL: |  1  2  3  4  5  6  7  8  9 |
---------------+----------------------------+-----
Long Blades    | 4 5 6 8 9 11 13 15 | 15.7
Fighting       | |  3.6
Armour         | |  2.4
Dodging        | |  2.1

Action                   |  1- 3 |  4- 6 |  7- 9 || total
-------------------------+-------+-------+-------++-------
Melee: Falchion          |    58 |    34 |       ||    92
       Headbutt          |    12 |    29 |    57 ||    98
       Long sword        |       |    71 |   326 ||   397
Invok: Berserk           |     1 |     1 |     7 ||     9
       Trog's Hand       |       |       |     1 ||     1
  Use: Scroll            |       |     4 |     6 ||    10
  Eat: Chunk             |     2 |     7 |    21 ||    30
Armor: Ring mail         |    15 |     9 |       ||    24
       Scale mail        |       |    34 |       ||    34
       Chain mail        |       |     2 |   129 ||   131
Dodge: Dodged            |    31 |    54 |   102 ||   187
       Rpst.: Falchion   |    10 |     4 |       ||    14
       Long sword        |       |     8 |    27 ||    35

Table legend:
 A = Spawn XP
 B = Non-spawn XP
 C = Spawn XP percentage of total XP
 D = Spawn monster count
 E = Non-spawn monster count
 F = Spawn count percentage of total count
 G = Total turns spent on level
                    A         B        C        D         E        F      G
               +---------+---------+-------+---------+---------+-------+---------
         Total |       0 |    4754 |   0.0 |       0 |     157 |   0.0 |  7687
               +---------+---------+-------+---------+---------+-------+---------
           D:1 |       0 |      16 |   0.0 |       0 |       9 |   0.0 |   894
           D:2 |       0 |     104 |   0.0 |       0 |      26 |   0.0 |  1004
           D:3 |       0 |     394 |   0.0 |       0 |      33 |   0.0 |   747
           D:4 |       0 |     933 |   0.0 |       0 |      13 |   0.0 |  1255
           D:5 |       0 |    1558 |   0.0 |       0 |      32 |   0.0 |  1448
           D:6 |       0 |     441 |   0.0 |       0 |      12 |   0.0 |   833
           D:7 |       0 |    1239 |   0.0 |       0 |      26 |   0.0 |  1311
           D:8 |       0 |      69 |   0.0 |       0 |       6 |   0.0 |   195
               +---------+---------+-------+---------+---------+-------+---------
